 Dungeon Crawl Stone Soup version 0.31-a0-1074-g0b22e4e0f1 (webtiles) character file.

Game seed: 18024074819201151061

13217 IdlyInterested the Mimic (level 11, -2/86 HPs)
             Began as a Demonspawn Shapeshifter on Nov 29, 2023.
             Slain by a death knight
             ... wielding a +3 glaive
              (9 damage)
             ... while petrified by a basilisk
             ... on level 12 of the Dungeon on Dec 1, 2023.
             The game lasted 00:37:02 (11458 turns).

IdlyInterested the Mimic (Demonspawn Shapeshifter) Turns: 11458, Time: 00:37:03

Health: -2/86      AC: 20    Str: 21    XL:     11   Next: 72%
Magic:  11/11      EV:  2    Int: 11    God:
Gold:   572        SH:  0    Dex: 20    Spells: 10/10 levels left

rFire   . .          .
                       - Unarmed
rCold   . . .        y - melded +0 buckler
rNeg    + + +        A - +0 troll leather armour {Pargi}
rPois   ∞            (no helmet)
rElec   .            (no cloak)
rCorr   .            h - +0 pair of gloves
SInv    .            (no boots)
Will    .....        s - amulet "Xoisoqec" {Reflect Dex+7 SH+5}
Stlth   +            Q - +5 ring of evasion
HPRegen 1.14/turn    O - +4 ring of protection
MPRegen 0.12/turn

%: reflection
@: flux-form, petrified, sanguine armoured, glowing
A: glow, contaminating, hooves 2, powered by death 1, sanguine armour 3, sense
surroundings 1, strong 1
a: Begin Untransformation


You were on level 12 of the Dungeon.
You were something dangerously unstable.
You visited 2 branches of the dungeon, and saw 13 of its levels.
You also visited: Sewer.

You collected 796 gold pieces.
You spent 224 gold pieces at shops.

Inventory:

Hand Weapons
 e - a +0 long sword of flaming
 S - a +4 trident of draining
 U - a +0 lajatang
Missiles
 j - 150 stones
 t - 37 poisoned darts (quivered)
 w - 11 boomerangs
 K - 2 atropa-tipped darts
 L - a throwing net
 Y - a curare-tipped dart
Armour
 h - a +0 pair of gloves (worn)
 n - +0 steam dragon scales
 y - a +0 buckler (melded)
 A - a +0 troll leather armour (worn) {Pargi}
 B - a +0 crystal plate armour
 P - +0 acid dragon scales
 T - an orb of mayhem
Magical Staves
 u - a staff of poison
 v - a staff of death
Jewellery
 l - a +5 ring of evasion
 s - the amulet "Xoisoqec" (around neck) {Reflect Dex+7 SH+5}
   (You acquired it on level 6 of the Dungeon)

   [amulet of reflection]

   Reflect:   It reflects blocked missile attacks.
   Dex+7:     It affects your dexterity (+7).
   SH+5:      It affects your SH (+5).
 x - a ring of protection from fire
 C - a ring of protection from fire
 O - a +4 ring of protection (right hand)
 Q - a +5 ring of evasion (left hand)
Talismans
 c - a beast talisman
 d - a flux talisman (active)
Wands
 g - a wand of charming (16)
 q - a wand of digging (9)
 V - a wand of flame (10)
Scrolls
 f - 4 scrolls of identify
 k - a scroll of blinking
 m - 4 scrolls of teleportation
 o - 2 scrolls of noise
 p - a scroll of brand weapon
 r - 3 scrolls of fog
 D - 3 scrolls of enchant armour
 F - 3 scrolls of fear
 G - 5 scrolls of enchant weapon
 J - a scroll of poison
Potions
 a - 2 potions of haste
 b - a potion of lignification
 i - 2 potions of mutation
 z - 3 potions of curing
 E - 3 potions of might
 H - 3 potions of attraction
 I - a potion of cancellation
 N - 3 potions of brilliance
 X - a potion of resistance


   Skills:
 - Level 8.0 Fighting
 - Level 1.0 Throwing
 - Level 2.0 Armour
 + Level 4.8 Dodging
 - Level 1.0 Stealth
 - Level 2.0 Shields
 + Level 8.9 Unarmed Combat
 - Level 1.0 Evocations
 * Level 11.5 Shapeshifting


You had 10 spell levels left.
You didn't know any spells.
Your spell library contained the following spells:

 Spells                   Type           Power      Damage    Failure   Level
 Foxfire                  Conj/Fire      0%         2x1d4     38%         1
 Necrotise                Necr           0%         1d4       38%         1
 Slow                     Hex            0%         N/A       38%         1
 Call Canine Familiar     Summ           0%         N/A       77%         3
 Confusing Touch          Hex            0%         N/A       77%         3
 Sigil of Binding         Hex            0%         N/A       77%         3
 Vampiric Draining        Necr           0%         2d6       77%         3
 Dimensional Bullseye     Hex/Tloc       0%         N/A       99%         4
 Leda's Liquefaction      Hex/Erth       0%         N/A       99%         4
 Agony                    Necr           0%         N/A       100%        5
 Lee's Rapid Deconstruct  Erth           0%         3d4*      100%        5
 Bombard                  Conj/Erth      0%         9d1       100%        6
 Plasma Beam              Fire/Air       0%         2x1d10    100%        6
 Starburst                Conj/Fire      0%         6d3       100%        6


Dungeon Overview and Level Annotations

Branches:
Dungeon (12/15)            Temple (1/1) D:6            Lair (0/5) D:9
    Orc (0/2) D:12          Sewer (visited)

Altars:
Ashenzari
Cheibriados
Dithmenos
Fedhas
Gozag
Hepliaklqana
Kikubaaqudgha
Makhleb
Nemelex Xobeh
Okawaru
Qazlal
Ru
Sif Muna
Trog
Uskayaw
Vehumet
Wu Jian
Xom
Yredelemnul

Shops:
D:6 !


Innate Abilities, Weirdness & Mutations

You are something dangerously unstable.
You glow with magical radiation, making you easy to see and hit.
Foes you strike become dangerously contaminated with magical radiation.
You are immune to poison.
You are incapable of wielding weapons or throwing items.
You have hoof-like feet.
You regenerate a little health from kills.
When seriously injured, your blood forms very thick armour. (AC +12)
You passively map a small area around you.
Your muscles are strong. (Str +4, Int/Dex -1)


Message History

The death knight twists and deforms.
Your kick misses the death knight.
The death knight is moderately wounded.
The death knight reflects your damage back at you!
* * * LOW HITPOINT WARNING * * *
You block the death knight's attack.
You hit the death knight.
The death knight begins to glow.
You kick the death knight.
The death knight is moderately wounded.
The death knight reflects your damage back at you!
* * * LOW HITPOINT WARNING * * *
The death knight closely misses you. The basilisk gazes at you.
You are slowing down.
You feel better.
The death knight mumbles some strange prayers to Yredelemnul against you.
Your body is wracked with pain!
* * * LOW HITPOINT WARNING * * *
The basilisk gazes at you. You resist with some effort. The basilisk bites you.
* * * LOW HITPOINT WARNING * * *
The death knight hits you with a +3 glaive!
* * * LOW HITPOINT WARNING * * *
Your limbs are stiffening.
You closely miss the basilisk. Your kick misses the basilisk.
The basilisk closely misses you. The death knight closely misses you.
You have turned to stone.
The death knight's dark mirror aura disappears.
The basilisk gazes at you.
The death knight hits you with a +3 glaive!
* * * LOW HITPOINT WARNING * * *
The basilisk bites you.
* * * LOW HITPOINT WARNING * * *
The death knight hits you with a +3 glaive!
* * * LOW HITPOINT WARNING * * *
The death knight hits you but does no damage.
The basilisk bites you but does no damage.
The basilisk gazes at you. You resist with some effort.
The death knight hits you with a +3 glaive!!
You die...

.# #...# * ,#.# .# #...#*
,, #.# , .# #...#, #.#
.#######...### #.##
...........#..# #.#.# ,
...........###.#.#.. ,,
#######....#..#.#.#,*
#.....#....#.#.#l.#, ,
#.....#....##.##p.# , *
#.....##....[#.#.p# ,
#......#...################
*
'......#..................#
#......#..................#
########..................#
.....>....>...............#
..........................#
..........................#


You could see a death knight (contam, misshapen) and a basilisk.

Vanquished Creatures
  Josephine (D:11)
  3 two-headed ogres
  Pikel (D:9)
  An ugly thing (D:12)
  2 cyclopes (D:12)
  An unseen horror (D:12)
  Jeremiah (D:8)
  A gargoyle (D:12)
  A komodo dragon (D:12)
  Maggie (D:7)
  An unseen horror zombie (D:8)
  A troll (D:12)
  Prince Ribbit (D:6)
  3 slime creatures (D:12)
  2 shadows
  6 wraiths
  A vampire (D:12)
  3 wargs (D:9)
  4 acid dragons
  Pargi (Sewer)
  An ice beast (D:5)
  A sky beast (D:7)
  3 orc warriors
  3 black bears
  7 centaurs
  3 kobold brigands
  5 bullfrogs
  A gnoll sergeant (D:10)
  A wyvern zombie (D:8)
  A scorpion (D:4)
  3 wights (D:8)
  31 killer bees
  A howler monkey (D:10)
  A centaur zombie (D:8)
  3 jellies
  3 hounds
  A gnoll bouda (D:6)
  5 orc priests
  A sleepcap (D:7)
  An iguana (D:4)
  11 orc wizards
  3 killer bee zombies (D:8)
  2 howler monkey zombies (D:8)
  6 gnolls
  6 adders
  2 shadow imps
  4 white imps
  A worm (D:5)
  22 orcs
  3 bats
  2 endoplasms (D:4)
  A giant cockroach (D:4)
  5 goblins
  4 hobgoblins
  4 jackals (D:4)
  2 quokkas
  7 ball pythons
  4 frilled lizards
  14 kobolds
  8 rats
223 creatures vanquished.

Vanquished Creatures (others)
  An orc (D:12)
1 creature vanquished.

Grand Total: 224 creatures vanquished

Notes
Turn   | Place    | Note
-------+----------+-------------------------------------------
     0 | D:1      | IdlyInterested the Demonspawn Shapeshifter began the quest
                  | for the Orb.
     0 | D:1      | Reached XP level 1. HP: 15/15 MP: 1/1
   344 | D:1      | Gained mutation: When seriously injured, your blood forms
                  | armour. (AC +12) [demonic ancestry]
   344 | D:1      | Reached XP level 2. HP: 20/21 MP: 2/2
  1074 | D:2      | Reached skill level 3 in Shapeshifting
  1108 | D:2      | Found a shimmering blue altar of Sif Muna.
  1443 | D:2      | Reached XP level 3. HP: 27/27 MP: 3/3
  1728 | D:3      | Found a faded altar of an unknown god.
  2151 | D:3      | Found an ornate altar of the Wu Jian Council.
  2584 | D:4      | Reached XP level 4. HP: 13/34 MP: 4/4
  2867 | D:4      | Noticed a black bear
  2877 | D:4      | Killed a black bear
  2878 | D:4      | Gained mutation: You have large cloven feet. [demonic
                  | ancestry]
  2878 | D:4      | Reached XP level 5. HP: 25/41 MP: 5/5
  3158 | D:4      | Reached skill level 4 in Shapeshifting
  3195 | D:4      | Gained mutation: You regenerate a little health from kills.
                  | [demonic ancestry]
  3195 | D:4      | Reached XP level 6. HP: 45/48 MP: 6/6
  3594 | D:5      | Entered Level 5 of the Dungeon
  3614 | D:5      | Gained mutation: You passively map a small area around you.
                  | [potion of mutation]
  3614 | D:5      | Gained mutation: Your muscles are strong. (Str +4, Int/Dex
                  | -1) [potion of mutation]
  3916 | D:5      | Noticed an ice beast
  3926 | D:5      | Killed an ice beast
  4014 | D:5      | Found a stormy altar of Qazlal.
  4015 | D:5      | Noticed a water elemental
  4035 | D:5      | Noticed an air elemental
  4069 | D:5      | Reached XP level 7. HP: 42/54 MP: 7/7
  4682 | D:5      | Noticed a fire elemental
  4727 | D:6      | Identified a scroll of acquirement
  4727 | D:6      | Acquired the amulet "Xoisoqec" {Reflect Dex+7 SH+5}
  4761 | D:6      | Found Huttoeg's Distillery.
  4771 | D:6      | Noticed Prince Ribbit
  4781 | D:6      | Killed Prince Ribbit
  4782 | D:6      | Reached skill level 5 in Shapeshifting
  4795 | D:6      | Found a glowing drain.
  4816 | Sewer    | Entered a sewer
  4881 | Sewer    | Noticed Pargi
  4895 | Sewer    | Killed Pargi
  5193 | D:6      | Gained mutation: When seriously injured, your blood forms
                  | thick armour. (AC +12) [demonic ancestry]
  5193 | D:6      | Reached XP level 8. HP: 49/60 MP: 8/8
  5260 | D:6      | Reached skill level 1 in Throwing
  5368 | D:6      | Reached skill level 1 in Armour
  5472 | D:6      | Found a staircase to the Ecumenical Temple.
  5494 | Temple   | Entered the Ecumenical Temple
  5541 | D:6      | Bought a potion of invisibility for 112 gold pieces
  5541 | D:6      | Bought a potion of brilliance for 56 gold pieces
  5541 | D:6      | Bought a potion of attraction for 42 gold pieces
  5541 | D:6      | Bought a potion of degeneration for 14 gold pieces
  5591 | D:7      | Reached skill level 6 in Shapeshifting
  5626 | D:7      | Reached skill level 5 in Unarmed Combat
  5863 | D:7      | Reached skill level 1 in Shields
  6065 | D:7      | Noticed Maggie
  6097 | D:7      | Killed Maggie
  6105 | D:7      | Reached skill level 7 in Shapeshifting
  6432 | D:7      | Reached skill level 1 in Stealth
  7025 | D:8      | Gained mutation: You have hoof-like feet. [demonic
                  | ancestry]
  7025 | D:8      | Reached XP level 9. HP: 58/65 MP: 9/9
  7030 | D:8      | Reached skill level 1 in Evocations
  7174 | D:8      | Found a hide-covered altar of Uskayaw.
  7437 | D:8      | Found a basalt altar of Yredelemnul.
  7450 | D:8      | Reached skill level 8 in Shapeshifting
  7480 | D:8      | Reached skill level 5 in Fighting
  7701 | D:8      | Noticed Jeremiah
  7715 | D:8      | Killed Jeremiah
  8205 | D:9      | Noticed Pikel
  8219 | D:9      | Killed Pikel
  8220 | D:9      | Reached XP level 10. HP: 75/76 MP: 10/10
  8223 | D:9      | Noticed a two-headed ogre
  8234 | D:9      | Killed a two-headed ogre
  8235 | D:9      | Reached skill level 9 in Shapeshifting
  8296 | D:9      | Found a radiant altar of Vehumet.
  8370 | D:9      | Found a staircase to the Lair.
  8498 | D:9      | Found a sacrificial altar of Ru.
  9108 | D:10     | Entered Level 10 of the Dungeon
  9314 | D:10     | Reached skill level 10 in Shapeshifting
  9453 | D:10     | Found a blossoming altar of Fedhas.
 10204 | D:11     | Noticed a two-headed ogre
 10223 | D:11     | Killed a two-headed ogre
 10271 | D:11     | Gained mutation: When seriously injured, your blood forms
                  | very thick armour. (AC +12) [demonic ancestry]
 10271 | D:11     | Reached XP level 11. HP: 20/84 MP: 11/11
 10446 | D:11     | Noticed Josephine
 10460 | D:11     | Killed Josephine
 10551 | D:11     | Noticed a two-headed ogre
 10561 | D:11     | Killed a two-headed ogre
 10692 | D:11     | Identified the +1 spear of Wu Jian's Delight {venom, Str+4}
 10885 | D:12     | Reached skill level 11 in Shapeshifting
 10904 | D:12     | Noticed a green ugly thing
 10917 | D:12     | Killed a red ugly thing
 10930 | D:12     | Noticed a two-headed ogre
 11026 | D:12     | Found a staircase to the Orcish Mines.
 11107 | D:12     | Identified the +6 shortbow of Freehold {antimagic, Str+3}
 11445 | D:12     | Noticed a death knight
 11456 | D:12     | HP: 4/86 [death knight/+3 glaive (5)]
 11458 | D:12     | Slain by a death knight

Illustrated notes

Levels and vault maps discovered:
D:1:      lightli_arrival_windingriver, layout_basic
D:2:      layout_basic, basic_altar
D:3:      layout_loops_corners, nzn_wu_jian_contemplation,
          shapermc_ecumenical_altar_pompeii, minmay_misc_feat_four_crosses
D:4:      layout_loops_corners
D:5:      layout_basic, nicolae_qazlal_style_of_elements, corexii_corridor_pit
D:6:      layout_rooms, minmay_temple_entry_junction, serial_shops,
          nicolae_shop_hallway_stairs, portal_sewer_entry_b, minivault_10,
          uniq_prince_ribbit1
D:7:      layout_layer_cave, uniq_maggie
D:8:      layout_gridville, nicolae_yredelemnul_corpse_copse,
          nicolae_uskayaw_dance_hall, serial_bayou_pond_c, uniq_jeremiah
D:9:      layout_basic, mainiacjoe_overflow_24_doors,
          nicolae_ru_sacrificial_ziggurat, erik_lair_orcish_takeover,
          statue_in_the_mist_lemuel, chequers_serial_rivers_large_b, uniq_pikel
D:10:     layout_layer_cave, mainiacjoe_overflow_cross_hatched,
          minmay_misc_feat_roman
D:11:     layout_cave_pools, nicolae_lava_and_water, uniq_josephine
D:12:     minmay_tearing_corner, layout_irregular_city, orc_0_dummy,
          chequers_serial_rivers_small_3
Temple:   nicolae_temple_no_exploring_needed

Skill      XL: |  1  2  3  4  5  6  7  8  9 10 11 |
---------------+----------------------------------+-----
Shapeshifting  | 3 4 5 7 8 10 11 | 11.5
Fighting       | 2 3 4 5 7 8 |  8.0
Unarmed Combat | 3 4 5 6 8 |  8.9
Dodging        | 2 4 |  4.8
Throwing       | 1 |  1.0
Armour         | 2 |  2.0
Shields        | 2 |  2.0
Stealth        | 1 |  1.0
Evocations     | 1 |  1.0

Action                     |  1- 3 |  4- 6 |  7- 9 | 10-12 || total
---------------------------+-------+-------+-------+-------++-------
  Melee: Unarmed           |    86 |    88 |   321 |   339 ||   834
         Punch             |     2 |     3 |     8 |       ||    13
         Kick              |       |    22 |   116 |   119 ||   257
  Throw: Stone             |       |     8 |    15 |     1 ||    24
         Dart              |       |       |    25 |    32 ||    57
         Throwing net      |       |       |     1 |       ||     1
         Boomerang         |       |       |     1 |     1 ||     2
    Use: Scroll            |     4 |       |     8 |     3 ||    15
         Potion            |       |     3 |     5 |     1 ||     9
   Stab: Sleeping          |     1 |       |     1 |       ||     2
         Invisible         |       |       |     4 |       ||     4
 Armour: Animal skin       |    13 |       |       |       ||    13
         Robe              |    18 |       |       |       ||    18
         Chain mail        |     7 |   109 |    47 |       ||   163
         Troll leather arm |       |       |   155 |   156 ||   311
  Dodge: Dodged            |    51 |    51 |   217 |   228 ||   547
  Block: Other             |       |       |    40 |    16 ||    56
         Reflection        |       |       |     6 |    20 ||    26
         Buckler           |       |       |   112 |   132 ||   244
   Form: Beast             |     2 |     1 |       |     1 ||     4
         Flux              |     2 |       |       |     2 ||     4
                           |       |     1 |       |       ||     1

Table legend: (Time is in decaauts)
 A = Elapsed time spent in this place.
 B = Non-inter-level travel time spent in this place.
 C = Inter-level travel time spent in this place.
 D = Time resting spent in this place.
 E = Time spent auto-exploring this place.
 F = Levels seen in this place.
 G = Mean time per level.
                   A        B        C        D        E       F      G
               +--------+--------+--------+--------+--------+-----+--------+
         Total |  11483 |  10549 |    934 |    796 |   6954 |  14 |  820.2 |
       Dungeon |  11228 |  10294 |    934 |    774 |   6844 |  12 |  935.7 |
        Temple |      1 |      1 |      0 |      0 |      0 |   1 |    1.0 |
         Sewer |    253 |    253 |      0 |     22 |    110 |   1 |  253.0 |
               +--------+--------+--------+--------+--------+-----+--------+

Top non-repeatable levels by time:
     D:7: 1380 daAuts
     D:5: 1104 daAuts
     D:4: 1090 daAuts
     D:9: 1072 daAuts
    D:10: 1070 daAuts
     D:8: 1066 daAuts
     D:3: 967 daAuts
     D:1: 882 daAuts
     D:2: 673 daAuts
     D:6: 670 daAuts
    D:11: 634 daAuts
    D:12: 615 daAuts
   Sewer: 253 daAuts
  Temple: 1 daAuts
